 Dungeon Crawl Stone Soup version 0.21.1-1-g345015f (webtiles) character file.

2230 lysyklops the Arsonist (level 9, -1/70 HPs)
             Began as a Red Draconian Fire Elementalist on July 26, 2018.
             Was a Follower of Vehumet.
             Slain by a killer bee (7 damage)
             ... on level 7 of the Dungeon.
             The game lasted 00:30:49 (8499 turns).

lysyklops the Arsonist (DrFE)                       Turns: 8499, Time: 00:30:50

Health: -1/70      AC:  9    Str: 10    XL:     9   Next: 14%
Magic:  16/17      EV: 13    Int: 19    God:    Vehumet [*.....]
Gold:   81         SH:  0    Dex: 12    Spells: 16/19 levels left

rFire    + . .     SeeInvis .   z - +4 whip (elec)
rCold    . . .     Gourm    .   (no shield)
rNeg     . . .     Faith    .   (armour unavailable)
rPois    .         Spirit   .   (helmet restricted)
rElec    .         Reflect  .   l - +1 cloak
rCorr    .         Harm     .   (no gloves)
MR       .....                  (no boots)
Stlth    ++........             (no amulet)
HPRegen  0.21/turn              (no ring)
MPRegen  0.15/turn              (no ring)

@: lethally poisoned (-1 -> -9)
A: breathe fire, unfitting armour, fire resistance 1, cold-blooded, AC +7
a: Breathe Fire, Renounce Religion


You were on level 7 of the Dungeon.
You worshipped Vehumet.
Vehumet was aware of your devotion.
You were very hungry.

You visited 2 branches of the dungeon, and saw 8 of its levels.

You collected 268 gold pieces.
You spent 187 gold pieces at shops.

Inventory:

Hand Weapons
 w - a +0 hunting sling
 z - a +4 whip of electrocution (weapon)
Missiles
 g - 68 sling bullets
Armour
 l - a +1 cloak (worn)
Jewellery
 j - an uncursed ring of flight {unknown}
 p - an uncursed amulet of faith {unknown}
Wands
 v - a wand of iceblast (22)
 x - a wand of digging (2)
 y - a wand of random effects (29)
Scrolls
 e - 5 scrolls of teleportation {unknown}
 i - a scroll of identify
 n - 2 scrolls of enchant armour {unknown}
 q - a scroll of noise {unknown}
 r - a scroll of enchant weapon
 s - 2 scrolls of remove curse
 u - a scroll of magic mapping {unknown}
 B - a scroll of blinking {unknown}
 C - 2 scrolls of amnesia {unknown}
Potions
 c - a potion of resistance
 d - 2 potions of haste
 f - 2 potions of flight
 h - 7 potions of curing
 k - a potion of mutation
 m - a potion of brilliance
 t - 2 potions of might
 A - a potion of lignification
 D - a potion of cancellation
 E - a potion of berserk rage
 F - a potion of magic {unknown}
Books
 a - a book of Flames

   Spells                             Type                      Level
   a - Flame Tongue                   Conjuration/Fire             1
   b - Throw Flame                    Conjuration/Fire             2
   c - Conjure Flame                  Conjuration/Fire             3
   d - Inner Flame                    Hexes/Fire                   3
   e - Sticky Flame                   Conjuration/Fire             4
   f - Fireball                       Conjuration/Fire             5
 o - a book of Misfortune

   Spells                             Type                      Level
   a - Confusing Touch                Hexes                        1
   b - Confuse                        Hexes                        3
   c - Gell's Gravitas                Translocation                3
   d - Petrify                        Transmutation/Earth          4
   e - Metabolic Englaciation         Hexes/Ice                    5
   f - Yara's Violent Unravelling     Hexes/Transmutation          5
Comestibles
 b - 7 rations


   Skills:
 + Level 3.2 Fighting
   Level 0.2 Short Blades
 + Level 4.4 Maces & Flails
 - Level 3.7 Dodging
 - Level 2.1 Stealth
 + Level 5.7 Spellcasting
 - Level 5.0 Conjurations
 + Level 8.4 Fire Magic


You had 16 spell levels left.
You knew the following spells:

 Your Spells              Type           Power        Failure   Level  Hunger
a - Flame Tongue          Conj/Fire      ####.        1%          1    None
b - Throw Flame           Conj/Fire      ####..       1%          2    None


Dungeon Overview and Level Annotations

Branches:
Dungeon (7/15)             Temple (1/1) D:5

Altars:
Dithmenos
Elyvilon
Fedhas
Gozag
Kikubaaqudgha
Makhleb
Nemelex Xobeh
Qazlal
Sif Muna
Trog
Uskayaw
Vehumet
Wu Jian
Xom
Yredelemnul
Zin
The Shining One

Shops:
D:6 *

Annotations:
D:1 1 runed door


Innate Abilities, Weirdness & Mutations

You can breathe blasts of fire.
Your fiery red scales are hard. (AC +7)
You cannot fit into any form of body armour.
Your flesh is heat resistant. (rF+)
You are cold-blooded and may be slowed by cold attacks.


Message History

The killer bee closely misses you. x2
The killer bee misses you. The killer bee closely misses you.
The killer bee barely misses you.
The killer bee stings you but does no damage.
The killer bee stings you!
* * * LOW HITPOINT WARNING * * *
You are poisoned.
The killer bee poisons you! The killer bee barely misses you.
The killer bee stings you.
* * * LOW HITPOINT WARNING * * *
You are more poisoned.
The killer bee poisons you!
You feel sick.
The killer bee stings you but does no damage.
The killer bee barely misses you.
The killer bee stings you but does no damage.
You closely miss the killer bee. The killer bee stings you.
* * * LOW HITPOINT WARNING * * *
The killer bee stings you!
You die...

#....##......##
#..#.##......#
#..#(######.##
#....y...##.#
###########.#..###.##.#
....#.......#.......#.#
###.#.########>.....#.#
###.#.#
##yyy..#.########
#.....#
#.@yy.#.........
......#
####.###.#######
#.....# #.....# ......#
#####.# #....## #.#
#....# #.. #....# ####
#....# ######


You could see 5 killer bees.

Vanquished Creatures
  Eustachio (D:5)
  Menkaure (D:5)
  The ghost of lysyklops the Skirmisher, an amateur DrFi (D:3)
  2 ice beasts (D:5)
  A phantom (D:5)
  An ogre (D:4)
  The ghost of dscm the Digger, an amateur OpEE (D:4)
  3 bullfrogs
  2 scorpions
  A killer bee (D:7)
  2 howler monkeys (D:4)
  A jelly (D:6)
  5 crimson imps
  Crazy Yiuf (D:5)
  4 hounds
  2 orc priests (D:5)
  3 centaur skeletons
  Terence (D:2)
  2 iguanas
  3 orc wizards
  7 worker ants
  A hound skeleton (D:4)
  A worker ant zombie (D:6)
  5 adders
  A shadow imp (D:7)
  2 oozes
  2 adder skeletons
  2 adder zombies
  4 worms
  3 dart slugs
  5 leopard geckos
  15 orcs
  3 ball pythons
  6 giant cockroaches
  9 hobgoblins
  8 jackals
  8 kobolds
  A quokka (D:6)
  5 bats
  6 frilled lizards
  A giant cockroach zombie (D:5)
  7 goblins
  A jackal zombie (D:5)
  A leopard gecko skeleton (D:7)
  A quokka skeleton (D:5)
  8 rats
151 creatures vanquished.

Notes
Turn   | Place    | Note
-------+----------+-------------------------------------------
     0 | D:1      | lysyklops the Draconian Fire Elementalist began the quest for the Orb.
     0 | D:1      | Reached XP level 1. HP: 14/14 MP: 3/3
     2 | D:1      | Found a runed door.
   366 | D:1      | Reached XP level 2. HP: 20/20 MP: 0/5
  1026 | D:1      | Reached XP level 3. HP: 26/26 MP: 4/6
  1890 | D:2      | Found a stormy altar of Qazlal.
  2170 | D:2      | Reached XP level 4. HP: 33/33 MP: 5/7
  2193 | D:2      | Noticed Terence
  2233 | D:2      | Killed Terence
  2233 | D:2      | Reached skill level 4 in Fire Magic
  2345 | D:2      | Found an opulent altar of Gozag.
  2356 | D:2      | Found a burning altar of Makhleb.
  2541 | D:2      | Found a bloodstained altar of Trog.
  2740 | D:3      | Found a blossoming altar of Fedhas.
  2746 | D:3      | Found a transporter.
  2758 | D:3      | Found a transporter.
  2920 | D:3      | Noticed lysyklops's ghost (amateur DrFi)
  2993 | D:3      | Killed lysyklops's ghost
  2993 | D:3      | Reached XP level 5. HP: 8/38 MP: 4/9
  4029 | D:4      | Reached XP level 6. HP: 30/45 MP: 4/10
  4047 | D:4      | Noticed dscm's ghost (amateur OpEE)
  4085 | D:4      | Killed dscm's ghost
  4307 | D:4      | Reached skill level 5 in Fire Magic
  4490 | D:4      | Learned a level 2 spell: Throw Flame
  4525 | D:4      | Your scales start taking on a fiery red colour.
  4525 | D:4      | Reached skill level 6 in Fire Magic
  4525 | D:4      | Reached XP level 7. HP: 50/50 MP: 6/12
  4525 | D:4      | Gained mutation: Your flesh is heat resistant. (rF+) [Red Draconian growth]
  4829 | D:4      | Reached skill level 1 in Maces & Flails
  5059 | D:4      | Found an ornate altar of the Wu Jian Council.
  5255 | D:5      | Entered Level 5 of the Dungeon
  5632 | D:5      | Noticed Eustachio
  5676 | D:5      | Killed Eustachio
  5676 | D:5      | Reached skill level 7 in Fire Magic
  5676 | D:5      | Reached XP level 8. HP: 36/57 MP: 11/14
  6148 | D:5      | Reached skill level 5 in Conjurations
  6166 | D:5      | Noticed Menkaure
  6171 | D:5      | Killed Menkaure
  6171 | D:5      | Reached skill level 1 in Fighting
  6171 | D:5      | Reached skill level 5 in Spellcasting
  6522 | D:5      | Found a hide-covered altar of Uskayaw.
  6653 | D:5      | Found a staircase to the Ecumenical Temple.
  6689 | Temple   | Entered the Ecumenical Temple
  6708 | Temple   | Became a worshipper of Vehumet
  6894 | D:5      | Found a runed door.
  7209 | D:5      | Noticed Crazy Yiuf
  7218 | D:5      | Killed Crazy Yiuf
  7538 | D:6      | Found a basalt altar of Yredelemnul.
  7780 | D:6      | Reached skill level 8 in Fire Magic
  7927 | D:6      | Found Yfus's General Store.
  7935 | D:6      | Bought a scroll of remove curse for 45 gold pieces
  7935 | D:6      | Bought a scroll of enchant weapon for 112 gold pieces
  7935 | D:6      | Bought a scroll of identify for 30 gold pieces
  8040 | D:6      | Reached XP level 9. HP: 68/68 MP: 11/17
  8398 | D:7      | Reached * piety under Vehumet
  8398 | D:7      | Offered knowledge of Shock by Vehumet.
  8499 | D:7      | Slain by a killer bee

Skill      XL: |  1  2  3  4  5  6  7  8  9 |
---------------+----------------------------+-----
Stealth        | 2 |  2.1
Dodging        | 2 3 |  3.7
Conjurations   | 2 3 4 5 |  5.0
Fire Magic     | 4 6 7 8 |  8.4
Spellcasting   | 3 4 5 |  5.7
Maces & Flails | 2 4 |  4.4
Fighting       | 2 3 |  3.2
Short Blades   | |  0.2

Action                   |  1- 3 |  4- 6 |  7- 9 || total
-------------------------+-------+-------+-------++-------
Melee: Dagger            |     8 |       |       ||     8
       Short sword       |    17 |       |       ||    17
       Tailslap          |     2 |     4 |    10 ||    16
       Whip              |     1 |    51 |   140 ||   192
 Cast: Flame Tongue      |    62 |    76 |   109 ||   247
       Throw Flame       |       |     1 |    34 ||    35
  Use: Scroll            |       |       |     9 ||     9
       Potion            |       |       |     1 ||     1
 Stab: Sleeping          |       |       |     2 ||     2
  Eat: Chunk             |     5 |     7 |     5 ||    17
       Ration            |       |       |     2 ||     2
Armor: Skin              |    15 |    19 |    62 ||    96
Dodge: Dodged            |    37 |    37 |   124 ||   198
